Map: New Repugnancy LE

Players

LiquidTLO (TLO)

  • Race: Zerg Zerg
  • League: Master
  • Spawn Location: 7:00

Silky - Winner!

  • Race: Zerg Zerg
  • Spawn Location: 1:00

Event: 2019 WCS Winter Americas

VOD

Have the link to the VOD?

Description

Time

  • Played on: Feb. 9, 2019, 3:05 p.m.
  • Length: 12:20

All games in this series

Show
View Real Time Build Order
Export as new Build Order

LiquidTLO Zerg 

Build Orders: Hatch First, Roach Nydus 

Get SALT Encoding   

  12  0:00  Drone  
  13  0:12  Overlord  
  13  0:17  Drone  
  14  0:31  Drone x2  
  16  0:48  Hatchery  
  15  0:51  Drone  
  16  1:05  Spawning Pool  
  16  1:08  Drone  
  16  1:12  Drone  
  16  1:15  Drone  
  16  1:17  Extractor  
  17  1:23  Drone  
  18  1:31  Drone  
  19  1:43  Drone  
  20  1:52  Overlord, Queen  
  22  2:00  Queen, Zergling x2  
  25  2:02  Drone  
  26  2:11  Drone  
  26  2:13  Drone  
  28  2:22  Drone  
  29  2:23  Drone  
  32  2:33  Drone  
  32  2:36  Drone  
  34  2:40  Lair  
  32  2:45  Overlord  
  32  2:46  Drone  
  32  2:50  Evolution Chamber  
  32  2:56  Roach Warren  
  32  2:57  Drone  
  32  3:01  Overlord, Drone  
  32  3:03  Drone  
  32  3:04  Extractor, Drone  
  34  3:07  Drone  
  34  3:09  Drone  
  34  3:11  Drone  
  37  3:16  Zerg Missile Weapons Level 1  
  37  3:23  Evolution Chamber  
  37  3:25  Drone  
  37  3:26  Drone  
  38  3:34  Overlord  
  38  3:35  Roach  
  38  3:36  Roach  
  38  3:38  Roach  
  43  3:45  Roach  
  43  3:47  Roach  
  45  3:51  Drone  
  46  3:57  Drone  
  46  3:59  Drone  
  46  4:00  Drone  
  49  4:08  Glial Reconstitution  
  49  4:09  Drone  
  48  4:11  Drone  
  48  4:13  Drone  
  48  4:16  Drone x2  
  52  4:28  Hatchery  
  51  4:34  Queen  
  51  4:38  Extractor, Queen  
  54  4:41  Roach  
  54  4:44  Overlord  
  56  4:46  Overseer  
  56  4:51  Drone  
  57  4:53  Overlord  
  57  4:58  Drone  
  58  5:01  Drone  
  58  5:04  Roach x2  
  63  5:07  Roach  
  63  5:10  Roach  
  63  5:13  Zerg Missile Weapons Level 2  
  67  5:15  Roach  
  67  5:17  Queen  
  67  5:20  Roach  
  73  5:28  Overlord  
  73  5:30  Overlord  
  73  5:32  Nydus Network  
  73  5:33  Overseer  
  72  5:36  Overlord  
  72  5:39  Drone  
  75  5:43  Drone  
  75  5:44  Drone  
  75  5:48  Roach  
  79  5:50  Roach  
  79  5:51  Drone  
  79  5:53  Drone  
  79  5:57  Spire  
  83  5:58  Drone  
  83  6:00  Extractor  
  83  6:02  Drone x2  
  85  6:06  Drone x3  
  86  6:12  Drone  
  86  6:13  Roach  
  86  6:16  Roach  
  86  6:18  Drone  
  92  6:19  Drone x2  
  92  6:23  Drone x2  
  96  6:26  Roach, Extractor, Drone x2  
  96  6:30  Roach, Zerg Ground Armor Level 1  
  101  6:33  Overseer  
  101  6:34  Roach  
  101  6:36  Roach  
  105  6:40  Overlord  
  105  6:42  Overlord  
  105  6:45  Overlord  
  105  6:46  Overlord  
  105  6:49  Overlord  
  105  6:51  Overlord  
  105  6:57  Ravager  
  105  6:59  Roach  
  105  7:01  Roach x2, Drone  
  112  7:03  Ravager x2  
  112  7:04  Roach  
  112  7:05  Drone  
  112  7:07  Extractor  
  112  7:08  Mutalisk  
  117  7:10  Roach  
  117  7:11  Roach  
  117  7:13  Roach  
  127  7:15  Roach  
  127  7:18  Roach  
  127  7:20  Drone  
  127  7:22  Roach x2  
  134  7:24  Roach  
  134  7:26  Roach  
  134  7:29  Roach  
  140  7:31  Roach x2  
  140  7:33  Roach  
  140  7:35  Roach  
  148  7:37  Roach  
  148  7:39  Overlord  
  148  7:42  Overlord  
  150  7:45  Zerg Flyer Weapons Level 1  
  150  7:48  Overlord  
  150  7:50  Overlord  
  150  7:54  Overlord  
  150  7:56  Overlord  
  150  7:57  Pneumatized Carapace  
  151  7:58  Ravager x2  
  151  8:02  Roach  
  151  8:04  Roach  
  151  8:05  Roach  
  158  8:07  Roach  
  158  8:08  Roach  
  158  8:10  Ravager  
  158  8:11  Roach  
  165  8:13  Drone x2  
  165  8:16  Roach  
  165  8:18  Roach x2  
  173  8:21  Roach  
  173  8:22  Roach  
  173  8:25  Roach  
  173  8:27  Roach, Overseer  
  181  8:29  Roach  
  181  8:32  Roach  
  181  8:33  Roach  
  187  8:35  Roach  
  187  8:39  Roach  
  187  8:40  Roach  
  187  8:41  Roach  
  195  8:45  Roach  
  193  8:50  Roach x2  
  193  8:51  Roach  
  193  8:52  Roach  
  193  8:53  Roach  
  193  8:54  Roach  
  199  8:58  Zerg Ground Armor Level 2  
  199  9:07  Overlord  
  187  9:22  Roach  
  187  9:23  Roach x8  
  172  9:29  Ravager x2  
  172  9:30  Ravager x2  
  162  9:33  Roach  
  162  9:34  Roach  
  162  9:35  Roach  
  168  9:45  Roach  
  170  9:48  Roach x2  
  170  9:51  Overseer  
  174  9:53  Nydus Network  
  174  9:56  Hatchery  
  174  9:57  Roach  
  174  9:59  Roach  
  178  10:00  Roach  
  178  10:07  Roach  
  178  10:08  Roach  
  178  10:10  Roach  
  178  10:12  Roach  
  170  10:14  Roach  
  170  10:15  Roach x4  
  170  10:20  Roach x2  
  182  10:26  Roach  
  182  10:27  Roach  
  186  10:42  Overlord  
  186  10:43  Hydralisk Den  
  185  10:50  Overlord  
  185  10:54  Overlord  
  185  11:02  Roach  
  185  11:03  Nydus Canal  
  185  11:04  Roach  
  185  11:05  Roach  
  185  11:06  Roach  
  185  11:08  Roach x2  
  185  11:10  Roach  
  185  11:11  Roach x2  
  193  11:12  Roach x2, Overseer  
  193  11:13  Roach  
  193  11:17  Overseer  
  193  11:18  Overseer  
  199  11:19  Ravager  
  194  11:27  Roach  
  194  11:28  Roach x3  
  194  11:31  Overlord  
  194  11:32  Overlord  
  200  11:33  Overseer x2  
  200  11:37  Overlord  
  200  11:45  Spore Crawler  
  200  11:46  Spore Crawler x2  
  197  11:47  Spore Crawler  
  197  11:49  Ravager x4  
Show
View Real Time Build Order
Export as new Build Order

Silky Zerg - Winner!

Build Orders: Hatch First, Lurkers, Roach Hydra 

Get SALT Encoding   

  12  0:00  Drone  
  13  0:12  Overlord  
  13  0:17  Drone  
  14  0:30  Drone x2  
  16  0:48  Hatchery  
  15  0:51  Drone  
  15  0:55  Drone  
  17  0:58  Drone  
  18  1:09  Extractor  
  17  1:14  Spawning Pool  
  17  1:16  Drone  
  17  1:20  Drone  
  18  1:27  Drone  
  19  1:38  Drone  
  20  1:48  Overlord  
  20  2:00  Queen, Drone  
  20  2:01  Queen, Drone  
  26  2:09  Metabolic Boost  
  26  2:10  Drone  
  26  2:12  Drone  
  28  2:21  Zergling x4  
  30  2:35  Hatchery  
  29  2:39  Drone x2  
  29  2:43  Overlord  
  31  2:47  Zergling x2  
  32  2:53  Zergling x2  
  32  2:56  Zergling x2  
  34  3:04  Zergling x2  
  35  3:10  Drone x3  
  35  3:11  Drone x4  
  42  3:14  Evolution Chamber  
  42  3:19  Overlord  
  41  3:20  Drone  
  42  3:28  Roach Warren  
  42  3:30  Drone  
  42  3:34  Drone  
  42  3:42  Drone x3  
  42  3:44  Drone, Zerg Missile Weapons Level 1  
  44  3:49  Drone x3  
  47  3:57  Overlord  
  47  3:58  Extractor  
  47  4:00  Extractor  
  44  4:09  Roach x5  
  52  4:12  Drone  
  52  4:15  Roach  
  55  4:23  Roach  
  57  4:26  Drone x2  
  57  4:27  Roach  
  57  4:30  Queen  
  63  4:34  Roach  
  63  4:35  Overlord x2  
  65  4:41  Lair  
  65  4:49  Drone  
  65  4:50  Overlord  
  66  4:54  Drone x5  
  66  4:57  Drone x2  
  73  5:03  Drone x4  
  77  5:11  Roach x3  
  83  5:19  Drone x5  
  88  5:23  Extractor  
  88  5:24  Roach  
  88  5:25  Overlord  
  88  5:28  Overlord  
  89  5:34  Overlord  
  89  5:38  Spine Crawler  
  89  5:39  Roach  
  89  5:40  Glial Reconstitution  
  90  5:44  Roach  
  90  5:46  Roach  
  90  5:48  Roach  
  96  5:50  Roach  
  96  5:52  Roach  
  96  5:54  Roach  
  96  5:55  Roach  
  104  5:57  Roach  
  104  6:00  Roach  
  104  6:01  Roach  
  104  6:02  Drone  
  104  6:03  Zerg Missile Weapons Level 2, Drone  
  112  6:08  Overlord  
  112  6:10  Overseer  
  112  6:12  Drone x2  
  112  6:13  Overlord  
  114  6:26  Overlord  
  114  6:27  Roach x4  
  122  6:34  Queen  
  122  6:35  Queen  
  122  6:36  Roach  
  122  6:38  Overlord  
  130  6:40  Overlord  
  130  6:41  Overlord  
  130  6:44  Pneumatized Carapace  
  130  6:45  Drone x2  
  130  6:48  Extractor  
  130  6:50  Hydralisk Den, Drone  
  130  6:51  Drone  
  130  6:52  Overlord  
  130  6:58  Drone x3  
  130  6:59  Roach x3  
  139  7:03  Roach x2  
  139  7:07  Roach x2  
  149  7:15  Roach  
  149  7:16  Roach x2  
  149  7:19  Ravager x4  
  149  7:22  Overlord  
  157  7:26  Drone x3  
  157  7:27  Spore Crawler  
  157  7:28  Spore Crawler  
  157  7:29  Extractor  
  157  7:30  Spore Crawler, Drone  
  157  7:35  Overlord  
  157  7:36  Spore Crawler  
  156  7:39  Hydralisk x2, Grooved Spines  
  156  7:40  Hydralisk  
  162  7:45  Hydralisk x2  
  162  7:48  Overlord  
  162  7:50  Overlord  
  166  7:57  Hydralisk x2  
  170  8:01  Overlord  
  170  8:06  Hydralisk x3  
  170  8:09  Hydralisk  
  178  8:16  Lurker Den  
  178  8:17  Overlord  
  178  8:19  Roach x3  
  183  8:26  Overlord  
  183  8:34  Hatchery  
  183  8:35  Hydralisk  
  183  8:36  Hydralisk  
  186  8:46  Roach x4  
  192  8:52  Muscular Augments  
  190  8:58  Roach x5  
  192  9:20  Roach  
  192  9:21  Roach x8  
  192  9:23  Hatchery  
  184  9:28  Roach x4  
  180  9:32  Roach x2  
  180  9:36  Roach x2  
  188  9:41  Ravager  
  188  9:42  Ravager, Roach x4  
  188  9:43  Roach  
  199  9:55  Overlord x2  
  188  10:10  Roach  
  188  10:11  Roach x8  
  184  10:17  Roach x5  
  184  10:21  Lurker x3  
  195  10:29  Drone x3  
  195  10:30  Drone x2  
  192  10:46  Drone x6  
  192  10:48  Lurker x2  
  192  10:49  Lurker x2  
  200  10:51  Infestation Pit  
  199  11:03  Roach x2  
  199  11:05  Extractor  
  184  11:14  Overlord  
  184  11:17  Overlord  
  178  11:24  Drone x2  
  178  11:25  Drone x2  
  182  11:36  Extractor  
  182  11:38  Hydralisk x9  
  182  11:39  Spine Crawler x2  
  197  11:47  Overlord  
  197  11:53  Overlord  
Tags
 
Add a new tag
Caveats
  • Supply blocks, unpowered buildings, or Contaminate may cause inaccurate times.
  • Supply counts are checked every 10 seconds.